 Dungeon Crawl Stone Soup version 0.25.1-8-g42b30a86e7 (webtiles) character file.

Game seed: 16605876308831788367

672 growler the Ruffian (level 7, -16/52 HPs)
             Began as a Green Draconian Transmuter on Dec 12, 2020.
             Killed from afar by Dowan (25 damage)
             ... with a shard of ice
             ... on level 4 of the Dungeon.
             The game lasted 00:19:47 (4911 turns).

growler the Ruffian (Green Draconian Transmuter)    Turns: 4911, Time: 00:19:47

Health: -16/52     AC: 10    Str: 15    XL:     7   Next: 32%
Magic:  10/12      EV: 12    Int: 13    God:
Gold:   227        SH:  0    Dex: 11    Spells: 3/13 levels left

rFire    . . .     SeeInvis .     - Unarmed
rCold    . . .     Gourm    .   (no shield)
rNeg     . . .     Faith    .   (armour unavailable)
rPois    +         Spirit   .   (helmet restricted)
rElec    .         Reflect  .   d - +1 cloak
rCorr    .         Harm     .   p - +1 pair of gloves
MR       .....                  (no boots)
Stlth    +.........             (no amulet)
HPRegen  0.17/turn              (no ring)
MPRegen  0.13/turn              (no ring)

@: lethally poisoned (-16 -> -24)
A: breathe noxious fumes, unfitting armour, poison resistance, cold-blooded, AC
+6
a: Breathe Noxious Fumes


You were on level 4 of the Dungeon.
You were very hungry.

You visited 1 branch of the dungeon, and saw 4 of its levels.

You collected 227 gold pieces.

Inventory:

Missiles
 a - 113 arrows
 h - 31 poisoned darts (quivered)
Armour
 d - a +1 cloak (worn)
   (You found it on level 1 of the Dungeon)
 p - a +1 pair of gloves (worn)
   (You found it on level 3 of the Dungeon)
Scrolls
 f - a scroll of fear {unknown}
 g - a scroll of teleportation {@r4}
 m - a scroll of identify {@r1}
 o - a scroll of fog {unknown}
Potions
 b - a potion of degeneration {unknown}
 c - a potion of flight
 j - a potion of brilliance
 k - a potion of lignification {unknown}
Comestibles
 e - 5 rations {!d}


   Skills:
 - Level 1.1 Fighting
 - Level 1.7 Dodging
 + Level 5.3 Unarmed Combat
 + Level 3.8 Spellcasting
 + Level 4.5 Transmutations
 + Level 2.4 Ice Magic
 - Level 2.4 Poison Magic


You had 3 spell levels left.
You knew the following spells:

 Your Spells              Type           Power        Failure   Level  Hunger
a - Beastly Appendage     Tmut           ##....       3%          1    None
c - Ice Form              Ice/Tmut       ##......     43%         4    ####...
s - Sticks to Snakes      Tmut           ##......     4%          2    ##.....
x - Spider Form           Tmut/Pois      ##........   16%         3    ###....

Your spell library contained the following spells:

 Spells                   Type           Power        Failure   Level  Hunger
 Magic Dart               Conj           #...         22%         1    None
 Blink                    Tloc           N/A          32%         2    ##.....
 Call Imp                 Summ           #.......     32%         2    ##.....
 Slow                     Hex            #.......     32%         2    ##.....
 Mephitic Cloud           Conj/Pois/Air  #.......     41%         3    ###....
 Conjure Flame            Conj/Fire      #.......     54%         3    ###....
 Blade Hands              Tmut           ##........   65%         5    ######.


Dungeon Overview and Level Annotations

Branches:
Dungeon (4/15)
 Temple: D:4-7

Altars:
Hepliaklqana
Makhleb
The Shining One

Annotations:
D:4 Dowan


Innate Abilities, Weirdness & Mutations

You can breathe blasts of noxious fumes.
Your lurid green scales are hard. (AC +6)
You cannot fit into any form of body armour.
Your system is resistant to poisons. (rPois)
You are cold-blooded and may be slowed by cold attacks.


Message History

Duvessa gestures with her weapon.
Duvessa barely misses you.
You hit Duvessa.
Duvessa looks as sick as possible!
You feel sick. Duvessa completely misses you.
You feel sick.
Duvessa says, "My weaknesses are his strengths!"
Duvessa hits you with a +1 short sword of venom.
You are more poisoned.
You feel very sick.
You kill Duvessa!
You hear a distant wail of despair.
You feel very sick.
You feel very sick.
You feel sick.
* * * LOW HITPOINT WARNING * * *
You feel very sick.
You see here a flail.
* * * LOW HITPOINT WARNING * * *
You feel sick.
* * * LOW HITPOINT WARNING * * *
You feel sick.
Your transformation has ended.
Your +1 cloak unmelds from your body.
Your +1 pair of gloves unmelds from your body.
* * * LOW HITPOINT WARNING * * *
You feel sick.
* * * LOW HITPOINT WARNING * * *
You feel sick.
* * * LOW HITPOINT WARNING * * *
You feel sick.
Your magical contamination has completely faded away.
* * * LOW HITPOINT WARNING * * *
You feel sick.
* * * LOW HITPOINT WARNING * * *
You feel sick.
* * * LOW HITPOINT WARNING * * *
You feel sick.
An adder skeleton comes into view.
* * * LOW HITPOINT WARNING * * *
You feel sick.
* * * LOW HITPOINT WARNING * * *
You feel sick.
* * * LOW HITPOINT WARNING * * *
You feel sick.
* * * LOW HITPOINT WARNING * * *
You feel sick.
Dowan seems to find hidden reserves of power!
Dowan casts a spell at you. The shard of ice hits you!!
You die...

#..........# ..........#
###.........
...........## .
#..........# #. ...#
.##..........# #. ...#
............# #......
#.....@....# #.....#
#..........# #.....#
##.........# ##..#e..
#.......#.#####..##†#
#.##..###.##..e.#...#
###e###........####.###
#...# #####..Z......##
#.### ###.#..##...#
#.########...#...###.###


You could see Dowan (fast).

Vanquished Creatures
  Sigmund (D:2)
  Duvessa (D:4)
  An ogre (D:2)
  A hound (D:4)
  2 bullfrog skeletons (D:4)
  2 orc wizards
  Terence (D:2)
  4 adders
  A worm (D:4)
  3 dart slugs
  3 leopard geckos
  9 orcs
  3 ball pythons
  4 giant cockroaches
  9 goblins
  12 hobgoblins
  9 jackals
  2 quokkas (D:4)
  2 bats
  6 frilled lizards
  9 kobolds
  8 rats
93 creatures vanquished.

Vanquished Creatures (collateral kills)
  A worker ant (D:2)
1 creature vanquished.

Grand Total: 94 creatures vanquished

Notes
Turn   | Place    | Note
-------+----------+-------------------------------------------
     0 | D:1      | growler the Draconian Transmuter began the quest for the
                  | Orb.
     0 | D:1      | Reached XP level 1. HP: 16/16 MP: 3/3
   186 | D:1      | Reached XP level 2. HP: 23/23 MP: 3/5
   217 | D:1      | Learned a level 2 spell: Sticks to Snakes
   717 | D:1      | Reached XP level 3. HP: 23/28 MP: 6/6
   773 | D:1      | Learned a level 3 spell: Spider Form
  1093 | D:2      | Found a glowing golden altar of the Shining One.
  1527 | D:2      | Noticed Sigmund
  1605 | D:2      | Killed Sigmund
  1605 | D:2      | Reached skill level 4 in Unarmed Combat
  1605 | D:2      | Reached XP level 4. HP: 9/35 MP: 8/8
  1605 | D:2      | Reached XP level 5. HP: 11/40 MP: 9/9
  1611 | D:2      | Learned a level 4 spell: Ice Form
  1860 | D:2      | Noticed Terence
  1974 | D:2      | Killed Terence
  2130 | D:2      | Found a hazy altar of Hepliaklqana.
  2281 | D:2      | Reached XP level 6. HP: 45/47 MP: 10/10
  2348 | D:2      | Reached skill level 1 in Ice Magic
  4237 | D:4      | Found a burning altar of Makhleb.
  4249 | D:4      | Reached skill level 5 in Unarmed Combat
  4497 | D:4      | Noticed Duvessa
  4498 | D:4      | Noticed Dowan
  4548 | D:4      | Your scales start taking on a lurid green colour.
  4548 | D:4      | Reached XP level 7. HP: 12/52 MP: 12/12
  4548 | D:4      | Gained mutation: Your system is resistant to poisons.
                  | (rPois) [Green Draconian growth]
  4895 | D:4      | Killed Duvessa
  4911 | D:4      | Killed from afar by Dowan

Illustrated notes

Levels and vault maps discovered:
D:1:      dpeg_arrival_boxorama, layout_rooms, serial_curves, eino_curves_03,
          eino_curves_03
D:2:      layout_loops_ring, marbit_many_paths, tso_altar, uniq_terence,
          uniq_sigmund
D:3:      minmay_chambers_of_threes, layout_loops_ring,
          nicolae_underground_beach
D:4:      layout_rooms, makhleb_heckhound_becter, chequers_jeans, uniq_duvessa

Skill      XL: |  1  2  3  4  5  6 |
---------------+-------------------+-----
Unarmed Combat | 4 5 |  5.3
Spellcasting   | 3 |  3.8
Transmutations | 3 4 |  4.5
Poison Magic   | 2 |  2.4
Ice Magic      | 2 |  2.4
Fighting       | |  1.1
Dodging        | |  1.7

Action                   |  1- 3 |  4- 6 |  7- 9 || total
-------------------------+-------+-------+-------++-------
Melee: Unarmed           |   163 |   284 |    10 ||   457
       Kick              |     6 |     4 |       ||    10
       Headbutt          |     4 |     3 |       ||     7
       Tailslap          |    16 |     7 |     2 ||    25
       Punch             |       |     1 |       ||     1
 Cast: Beastly Appendage |     8 |     5 |       ||    13
       Sticks to Snakes  |     2 |       |       ||     2
       Spider Form       |     1 |     9 |     1 ||    11
  Use: Scroll            |     3 |     2 |       ||     5
       Potion            |     2 |       |       ||     2
  Eat: Chunk             |     2 |     5 |       ||     7
       Ration            |       |     2 |       ||     2
Armor: Skin              |    44 |    77 |     3 ||   124
Dodge: Dodged            |    93 |   179 |     6 ||   278
